 Dungeon Crawl Stone Soup version 0.29.0-13-gc9e81de378 (webtiles) character file.

Game seed: 16362859806034060965

5432 smilodon the Spear-Bearer (level 10, -6/70 HPs)
             Began as a Demonspawn Fighter on Sept 8, 2022.
             Was a Follower of Nemelex Xobeh.
             Mangled by a two-headed ogre
             ... wielding a +0 giant club
              (21 damage)
             ... on level 8 of the Dungeon.
             The game lasted 00:18:54 (6799 turns).

smilodon the Spear-Bearer (Demonspawn Fighter)      Turns: 6799, Time: 00:18:55

Health: -6/70      AC:  9    Str: 20    XL:     10   Next: 41%
Magic:  10/10      EV: 13    Int: 10    God:    Nemelex Xobeh [*.....]
Gold:   379        SH:  5    Dex: 13    Spells: 9/9 levels left

rFire   + + +      SeeInvis .   m - +7 glaive "Eviscerator" {vorpal, Fragile rC+ rN+}
rCold   . . .      Faith    .   (shield currently unavailable)
rNeg    + . .      Spirit   .   b - +0 scale mail
rPois   .          Reflect  +   (helmet unavailable)
rElec   .          Harm     .   l - scarf {rC+ rF+}
rCorr   .          Rampage  .   (no gloves)
Will    .....                   (no boots)
Stlth   ..........              u - amulet of reflection
HPRegen 0.21/turn               i - ring of fire
MPRegen 0.12/turn               s - ring of fire

@: slowed, invisible, very slow
A: horns 3, powered by death 2, sharp scales 2
a: Renounce Religion, Draw Escape, Draw Destruction, Draw Summoning


You were on level 8 of the Dungeon.
You worshipped Nemelex Xobeh.
Nemelex Xobeh was aware of your devotion.
You visited 1 branch of the dungeon, and saw 8 of its levels.

You collected 379 gold pieces.

Inventory:

Hand Weapons
 a - a +1 spectral trident
 m - the +7 glaive "Eviscerator" (weapon) {vorpal, Fragile rC+ rN+}
   (You found it on level 3 of the Dungeon)

   It inflicts extra damage upon your enemies.
   rC:        It protects you from cold.
   rN:        It protects you from negative energy.
   Fragile:   It will be destroyed if unequipped.
Missiles
 q - 15 poisoned darts (quivered)
 w - 4 silver javelins
 C - 5 curare-tipped darts
Armour
 b - a +0 scale mail (worn)
 c - a +0 buckler
 f - an orb of mayhem
 l - a scarf of resistance (worn)
 o - a +0 leather armour of cold resistance
 K - +0 steam dragon scales
Jewellery
 i - a ring of fire (left hand)
 j - an amulet of regeneration
 s - a ring of fire (right hand)
 u - an amulet of reflection (around neck)
 x - an amulet of guardian spirit
Wands
 v - a wand of charming (7)
 y - a wand of polymorph (12)
 D - a wand of digging (10)
Scrolls
 k - a scroll of vulnerability
 E - a scroll of enchant weapon
 J - a scroll of poison
 L - a scroll of enchant armour
Potions
 g - a potion of haste
 h - 2 potions of curing
 n - 2 potions of lignification
 p - a potion of cancellation
 r - 2 potions of flight {unknown}
 t - a potion of attraction {unknown}
 A - a potion of mutation {unknown}
 F - 2 potions of might
 H - a potion of brilliance


   Skills:
 - Level 3.1 Fighting
 * Level 10.6 Polearms
 * Level 5.2 Armour
 - Level 8.6 Dodging
 - Level 2.8 Shields


You had 9 spell levels left.
You didn't know any spells.
Your spell library contained the following spells:

 Spells                   Type           Power      Damage    Failure   Level
 Ensorcelled Hibernation  Hex/Ice        0%         N/A       83%         2
 Passwall                 Tmut/Erth      0%         N/A       83%         2
 Sublimation of Blood     Necr           0%         N/A       83%         2
 Wereblood                Tmut           0%         N/A       83%         2
 Dazzling Flash           Conj/Hex       0%         N/A       97%         3
 Swiftness                Air            0%         N/A       97%         3
 Animate Armour           Summ/Erth      0%         N/A       100%        4
 Agony                    Necr           0%         N/A       100%        5
 Blade Hands              Tmut           0%         N/A       100%        5
 Silence                  Hex/Air        0%         N/A       100%        5
 Iron Shot                Conj/Erth      0%         9d1       100%        6
 Summon Hydra             Summ           0%         N/A       100%        7


Dungeon Overview and Level Annotations

Branches:
Dungeon (8/15)             Temple (0/1) D:7
   Lair: D:8-11

Altars:
Dithmenos
Gozag
Kikubaaqudgha
Nemelex Xobeh
Okawaru
Vehumet
Xom
Yredelemnul

Shops:
D:4 (=(

Annotations:
D:8 Joseph


Innate Abilities, Weirdness & Mutations

You have a pair of large horns on your head.
You regenerate health from kills.
You are mostly covered in razor-sharp scales. (AC +2, Slay +2)


Message History

You swap places.
Joseph unwields a +0 quarterstaff.
Joseph wields a +0 sling.
Joseph shoots a sling bullet.
The sling bullet hits Maggie!
Maggie barely misses Joseph.
Maggie hits Joseph with a +0 glaive of draining!
Joseph unwields a +0 sling.
Joseph wields a +0 quarterstaff.
Joseph hits Maggie with a +0 quarterstaff.
Maggie hits something with a +0 glaive of draining!
Something barely misses Maggie.
You hear the faint creaking of a portcullis very nearby.
Maggie gestures at Joseph while chanting.
The bolt of fire hits Joseph!
Joseph says to Maggie, "You must be punished!
Or...
I want to punish you!"
Joseph closely misses Maggie.
Something hits Joseph.
Joseph tries to grin evilly.
Joseph hits something with a +0 quarterstaff!!
Joseph completely misses something.
Maggie barely misses Joseph.
Joseph hits Maggie with a +0 quarterstaff.
Found a stone staircase leading down.
A two-headed ogre comes into view. It is wielding two +0 giant clubs.
Okay, then.
Okay, then.
Aiming: Charm
Press: ? - help, Shift-Dir - straight line, f - two-headed ogre
Aim: a two-headed ogre, wielding two +0 giant clubs (chance to affect: 31%)
Okay, then.
Aiming: Iceblast
Press: ? - help, Shift-Dir - straight line The mass of ice explodes!
The iceblast engulfs the two-headed ogre!
The two-headed ogre is lightly wounded.
The now-empty wand crumbles to dust.
The two-headed ogre hits you with a +0 giant club!!
* * * LOW HITPOINT WARNING * * *
The two-headed ogre hits you but does no damage.
You fade into invisibility!
The two-headed ogre hits you with a +0 giant club!!
You die...
Your body glows slightly and disappears.

!....... ###### ## ........
......# ##. .###.... #.>..## .. .
#.... .. #.....##.####.. #..))
...#...............# #....
...#...............# ##>#.
#....................# ##....
##....#.....O@.<......# #.....
......#....#..........##..#...
....####..#..............#... .#
#..####.###...#.#..#######..
..####....#..###.................
........#...##...#####.#.#####...
#.........###...#........# #...
#...)..##.[...........##.# #...
##......##.###.....##..# .# ##..


You could see a two-headed ogre (unable to see you).

Vanquished Creatures
  Gastronok (D:8)
  Pikel (D:5)
  Sigmund (D:6)
  A steam dragon (D:7)
  Menkaure (D:5)
  7 water moccasins
  An orc warrior (D:6)
  A sky beast (D:7)
  A centaur (D:8)
  3 lemures (D:4)
  A kobold brigand (D:7)
  2 phantoms
  3 bullfrogs
  2 necrophages
  5 scorpions
  14 wights
  6 killer bees (D:8)
  A howler monkey (D:8)
  A jelly (D:7)
  9 orc priests
  6 iguanas
  3 orc wizards
  A hound zombie (D:3)
  A gnoll (D:5)
  8 adders
  A shadow imp (D:6)
  A white imp (D:7)
  An ufetubus (D:7)
  3 worms
  2 adder zombies (D:3)
  A dart slug (D:1)
  30 orcs
  9 ball pythons
  7 endoplasms
  2 giant cockroaches
  5 goblins
  5 hobgoblins
  9 jackals
  3 quokkas
  5 bats
  4 frilled lizards (D:1)
  7 kobolds
  3 rats
179 creatures vanquished.

Vanquished Creatures (collateral kills)
  A bat (D:2)
  2 hobgoblins (D:2)
3 creatures vanquished.

Vanquished Creatures (others)
  Maggie (D:8)
  4 plants (D:2)
5 creatures vanquished.

Grand Total: 187 creatures vanquished

Notes
Turn   | Place    | Note
-------+----------+-------------------------------------------
     0 | D:1      | smilodon the Demonspawn Fighter began the quest for the
                  | Orb.
     0 | D:1      | Reached XP level 1. HP: 18/18 MP: 1/1
    56 | D:1      | Reached skill level 2 in Polearms
   155 | D:1      | Gained mutation: You are partially covered in razor-sharp
                  | scales. (AC +1, Slay +1) [demonic ancestry]
   155 | D:1      | Reached XP level 2. HP: 24/24 MP: 2/2
  1035 | D:2      | Gained mutation: You regenerate a little health from kills.
                  | [demonic ancestry]
  1035 | D:2      | Reached XP level 3. HP: 28/29 MP: 3/3
  1187 | D:2      | Reached skill level 3 in Polearms
  1443 | D:2      | Gained mutation: You have a pair of small horns on your
                  | head. [demonic ancestry]
  1443 | D:2      | Reached XP level 4. HP: 20/35 MP: 4/4
  1840 | D:3      | Identified the +7 glaive "Eviscerator" {vorpal, Fragile rC+
                  | rN+}
  1897 | D:3      | Reached skill level 4 in Polearms
  2009 | D:3      | Found a shimmering altar of Xom.
  2334 | D:3      | Reached skill level 1 in Dodging
  2334 | D:3      | Reached XP level 5. HP: 41/41 MP: 5/5
  2408 | D:3      | Found a radiant altar of Vehumet.
  2508 | D:3      | Found a basalt altar of Yredelemnul.
  2597 | D:3      | Found a faded altar of an unknown god.
  2743 | D:4      | Found Plog's Weapon Emporium.
  2788 | D:4      | Gained mutation: You have a pair of horns on your head.
                  | [demonic ancestry]
  2788 | D:4      | Reached XP level 6. HP: 47/47 MP: 6/6
  2793 | D:4      | Reached skill level 5 in Polearms
  2919 | D:4      | Found Nukow's Antique Weapon Emporium.
  3057 | D:4      | Found Wilacvin's Jewellery Boutique.
  3088 | D:5      | Entered Level 5 of the Dungeon
  3088 | D:5      | Noticed a water moccasin
  3096 | D:5      | Killed a water moccasin
  3408 | D:5      | Noticed Pikel
  3616 | D:5      | Killed Pikel
  3617 | D:5      | Reached skill level 6 in Polearms
  3617 | D:5      | Gained mutation: You have a pair of large horns on your
                  | head. [demonic ancestry]
  3617 | D:5      | Reached XP level 7. HP: 41/52 MP: 7/7
  3873 | D:5      | Noticed Menkaure
  3878 | D:5      | Killed Menkaure
  3879 | D:5      | Reached skill level 5 in Dodging
  3879 | D:5      | Gained mutation: You are mostly covered in razor-sharp
                  | scales. (AC +2, Slay +2) [demonic ancestry]
  3879 | D:5      | Reached XP level 8. HP: 54/58 MP: 8/8
  4033 | D:5      | Found an ancient bone altar of Kikubaaqudgha.
  4285 | D:5      | Reached skill level 7 in Polearms
  4876 | D:6      | Reached skill level 8 in Polearms
  4903 | D:6      | Found a shadowy altar of Dithmenos.
  4991 | D:6      | Noticed Sigmund
  4994 | D:6      | Killed Sigmund
  4995 | D:6      | Gained mutation: You regenerate health from kills. [demonic
                  | ancestry]
  4995 | D:6      | Reached XP level 9. HP: 63/63 MP: 9/9
  5118 | D:6      | Found an opulent altar of Gozag.
  5457 | D:6      | Reached skill level 9 in Polearms
  5577 | D:6      | Found an iron altar of Okawaru.
  5577 | D:6      | Found a sparkling altar of Nemelex Xobeh.
  5632 | D:6      | Became a worshipper of Nemelex Xobeh the Trickster
  5952 | D:7      | Found a staircase to the Ecumenical Temple.
  6651 | D:8      | Reached * piety under Nemelex Xobeh
  6665 | D:7      | Reached XP level 10. HP: 70/70 MP: 10/10
  6693 | D:8      | HP: 3/70 [poisoned by a killer bee]
  6701 | D:8      | Reached skill level 10 in Polearms
  6719 | D:8      | Received a gift from Nemelex Xobeh
  6742 | D:8      | Noticed Gastronok
  6756 | D:8      | Killed Gastronok
  6757 | D:8      | Reached skill level 5 in Armour
  6772 | D:8      | Noticed Maggie
  6773 | D:8      | Noticed Joseph
  6785 | D:8      | Your ally Maggie died
  6794 | D:8      | Noticed a two-headed ogre
  6799 | D:8      | Mangled by a two-headed ogre

Illustrated notes

Levels and vault maps discovered:
D:1:      tarquinn_simple_flora_water_d, layout_loops_corners
D:2:      layout_loops_ring, basic_altar, minmay_shallow_snake_nest
D:3:      layout_loops_corners, nicolae_vehumet_altar_sigil,
          mainiacjoe_overflow_surrounded_room, nicolae_yredelemnul_corpse_copse,
          shapermc_ecumenical_altar_mp_vishouse
D:4:      layout_rooms, serial_shops, kennysheep_mini,
          nicolae_shop_bloodbath_and_beyond, nicolae_shop_stone
D:5:      kennysheep_six_static_rooms, layout_loops_ring,
          mainiacjoe_overflow_concentric_impassable,
          mainiacjoe_overflow_six_doors_small, nicolae_elevator_lobby_plus,
          uniq_pikel, uniq_menkaure
D:6:      layout_basic, mainiacjoe_overflow_small_starburst,
          nicolae_gozag_cash_rules_everything_around_me,
          nicolae_overflow_two_pavilions, uniq_sigmund
D:7:      layout_loops_ring, minmay_temple_entry_gardened_gates,
          grunt_ministairs_7, kennysheep_generic_room_2
D:8:      layout_rooms, mainiacjoe_overflow_paths, enter_bailey_2, uniq_maggie,
          uniq_joseph, uniq_gastronok

Skill      XL: |  1  2  3  4  5  6  7  8  9 10 |
---------------+-------------------------------+-----
Polearms       | 2 3 4 6 8 9 10 | 10.6
Dodging        | 1 2 4 5 7 8 |  8.6
Armour         | 3 5 |  5.2
Fighting       | |  3.1
Shields        | |  2.8

Action                   |  1- 3 |  4- 6 |  7- 9 | 10-12 || total
-------------------------+-------+-------+-------+-------++-------
Melee: Trident           |   107 |     9 |       |       ||   116
       Glaive            |       |    77 |   165 |    15 ||   257
       Headbutt          |       |     7 |    28 |     3 ||    38
Throw: Dart              |       |     6 |       |     3 ||     9
Evoke: Wand              |       |       |     6 |    16 ||    22
  Use: Scroll            |     5 |     6 |     4 |     2 ||    17
       Potion            |     5 |     1 |       |     6 ||    12
Armor: Scale mail        |    40 |    28 |    26 |    25 ||   119
       Skin              |     4 |       |       |       ||     4
Dodge: Dodged            |    44 |    18 |    61 |    55 ||   178
Block: Buckler           |    19 |     1 |       |       ||    20
       Other             |       |     8 |    23 |    17 ||    48
       Reflection        |       |       |       |     1 ||     1
